 Dungeon Crawl Stone Soup version 0.22.1-2-g9c5b331 (webtiles) character file.

585 HoaS the Twirler (level 7, 0/45 HPs)
             Began as a Gargoyle Gladiator on Dec 25, 2018.
             Slain by an orc warrior
             ... wielding a +0 hand axe
              (7 damage)
             ... on level 6 of the Dungeon.
             The game lasted 00:10:48 (2947 turns).

HoaS the Twirler (Gargoyle Gladiator)               Turns: 2947, Time: 00:10:48

Health: 0/45       AC: 16    Str: 23    XL:     7   Next: 37%
Magic:  0/7        EV:  9    Int:  8    God:
Gold:   195        SH:  0    Dex: 13    Spells: 6/6 levels left

rFire    . . .     SeeInvis .   a - +0 quarterstaff
rCold    . . .     Gourm    .   (shield currently unavailable)
rNeg     + . .     Faith    .   m - +0 chain mail
rPois    ∞         Spirit   +   c - +0 helmet
rElec    +         Reflect  .   t - scarf {Spirit}
rCorr    .         Harm     .   (no gloves)
MR       .....                  j - +0 pair of boots
Stlth    ..........             (no amulet)
HPRegen  0.15/turn              k - +5 ring of strength
MPRegen  0.10/turn              (no ring)

@: no status effects
A: negative energy resistance 1, electricity resistance, unbreathing,
petrification resistance, rot immunity, AC +4
a: no special abilities


You were on level 6 of the Dungeon.
You were not hungry.

You visited 1 branch of the dungeon, and saw 5 of its levels.

You collected 195 gold pieces.

Inventory:

Hand Weapons
 a - a +0 quarterstaff (weapon)
Missiles
 d - 2 throwing nets (quivered)
Armour
 c - a +0 helmet (worn)
 j - a +0 pair of boots (worn)
 m - a +0 chain mail (worn)
 t - a scarf of spirit shield (worn)
Jewellery
 k - a +5 ring of strength (left hand)
 n - an uncursed ring of wizardry {unknown}
Wands
 s - a wand of flame (17)
Scrolls
 h - 6 scrolls of teleportation
 i - a scroll of identify
 o - 3 scrolls of amnesia
Potions
 b - a potion of flight
 e - 2 potions of brilliance {unknown}
 g - a potion of degeneration {unknown}
 l - a potion of agility {unknown}
 p - a potion of haste {unknown}
 q - a potion of berserk rage {unknown}
 r - a potion of cancellation {unknown}
Comestibles
 f - 7 rations


   Skills:
 * Level 5.7 Fighting
 * Level 5.7 Staves
 - Level 1.7 Throwing
 + Level 3.4 Armour
 - Level 2.4 Dodging


You had 6 spell levels left.
You didn't know any spells.
Your spell library was empty.

Dungeon Overview and Level Annotations

Branches:
Dungeon (4/15)
 Temple: D:4-7

Altars:
Fedhas
Makhleb
Qazlal


Innate Abilities, Weirdness & Mutations

You are resistant to torment.
Your stone body is resilient. (AC +4)
You are immune to poison.
You resist negative energy. (rN+)
You are resistant to electric shocks. (rElec)
You can survive without breathing.
You are immune to petrification.
You are immune to rotting.


Message History

You barely miss the orc warrior.
The orc warrior is lightly wounded.
The orc warrior hits you but does no damage.
You barely miss the orc warrior.
The orc warrior is lightly wounded.
The orc priest calls upon Beogh to heal the orc warrior.
The orc warrior's wounds heal themselves!
The orc warrior barely misses you.
You closely miss the orc warrior. You closely miss the orc warrior.
The orc warrior hits you with a hand axe!
The crimson imp blinks!
You closely miss the orc warrior. The orc warrior closely misses you.
You closely miss the orc warrior.
The orc warrior hits you with a hand axe!
* * * LOW HITPOINT WARNING * * *
You thump the orc warrior!
The orc warrior is moderately wounded.
The orc warrior hits you with a hand axe!
You die...

############ ##### ....
..#.
####################...
................ ..#..# #
.............#####.#..#.#
......................>.#
#.......#...............#
#.#####.#.########a.....#
#.# #.#.##....@oo#..?.#
#.# #.#....#######....#
#.# #.##...# ....ooo #.#
#.##...# ...#.#a #.#
#.##...# ...# # #.
#..)...+ .... ####...#
...#. #...# ....#


You could see an orc warrior, a worker ant and an orc priest.

Vanquished Creatures
  Sigmund (D:2)
  2 ogres
  A scorpion (D:6)
  Natasha (thrice) (D:3)
  4 gnolls
  4 adders
  3 worms
  A dart slug (D:1)
  A leopard gecko (D:3)
  An orc (D:3)
  6 giant cockroaches
  9 goblins
  4 hobgoblins
  2 jackals (D:6)
  6 bats
  3 frilled lizards
  6 kobolds
  4 rats
61 creatures vanquished.

Notes
Turn   | Place    | Note
-------+----------+-------------------------------------------
     0 | D:1      | HoaS the Gargoyle Gladiator began the quest for the Orb.
     0 | D:1      | Reached XP level 1. HP: 12/12 MP: 1/1
   101 | D:1      | Reached XP level 2. HP: 14/18 MP: 2/2
   493 | D:2      | Reached skill level 1 in Armour
   496 | D:2      | Reached XP level 3. HP: 20/22 MP: 3/3
   677 | D:2      | Found a stormy altar of Qazlal.
   810 | D:1      | Reached XP level 4. HP: 6/28 MP: 4/4
  1245 | D:2      | Found a blossoming altar of Fedhas.
  1255 | D:2      | Noticed Sigmund
  1346 | D:3      | Noticed Natasha
  1353 | D:3      | Killed Natasha
  1353 | D:3      | Reached XP level 5. HP: 33/33 MP: 5/5
  1360 | D:3      | Noticed Natasha
  1367 | D:3      | Killed Natasha
  1662 | D:3      | Noticed Natasha
  1687 | D:3      | Killed Natasha
  2251 | D:2      | Killed Sigmund
  2251 | D:2      | Reached skill level 5 in Staves
  2251 | D:2      | Reached XP level 6. HP: 40/40 MP: 6/6
  2406 | D:2      | Found a burning altar of Makhleb.
  2456 | D:2      | Reached skill level 5 in Fighting
  2580 | D:4      | Reached XP level 7. HP: 17/44 MP: 2/7
  2833 | D:4      | You fall through a shaft for 2 floors!
  2947 | D:6      | Slain by an orc warrior

Skill      XL: |  1  2  3  4  5  6 |
---------------+-------------------+-----
Armour         | 1 2 3 |  3.4
Fighting       | 3 4 5 |  5.7
Staves         | 4 5 |  5.7
Throwing       | |  1.7
Dodging        | |  2.4

Action                   |  1- 3 |  4- 6 |  7- 9 || total
-------------------------+-------+-------+-------++-------
Melee: Quarterstaff      |   100 |   109 |    42 ||   251
Throw: Throwing net      |       |     1 |       ||     1
  Use: Scroll            |     5 |     4 |       ||     9
  Eat: Chunk             |       |     6 |     1 ||     7
Armor: Leather armour    |     9 |       |       ||     9
       Ring mail         |    45 |    51 |       ||    96
       Chain mail        |       |    16 |    25 ||    41
Dodge: Dodged            |    79 |    72 |    22 ||   173
